 Dungeon Crawl Stone Soup version 0.29-a0-664-gff9cad4a3d (webtiles) character file.

Game seed: 13522791598662204120

779 gobodom the Grave Robber (level 7, -2/44 (48) HPs)
             Began as a Demonspawn Necromancer on June 23, 2022.
             Slain by a wight
             ... wielding a +2 dire flail
              (3 damage)
             ... on level 6 of the Dungeon.
             The game lasted 00:32:04 (6193 turns).

gobodom the Grave Robber (Demonspawn Necromancer)   Turns: 6193, Time: 00:32:04

HP:   -2/44 (48)    AC:  4    Str: 10    XL:     7   Next: 54%
MP:   13/13         EV: 12    Int: 16    God:
Gold: 147           SH:  6    Dex: 14    Spells: 11/15 levels left

rFire   . . .      SeeInvis .   b - +3 quarterstaff (chaos)
rCold   + . .      Faith    .   (shield currently unavailable)
rNeg    . . .      Spirit   .   a - +0 robe
rPois   .          Reflect  .   (no helmet)
rElec   .          Harm     .   k - +0 cloak
rCorr   .          Rampage  .   d - +0 pair of gloves
Will    .....                   (no boots)
Stlth   ++........              (no amulet)
HPRegen 0.14/turn               h - ring of protection from cold
MPRegen 0.13/turn               (no ring)

@: drained
A: large bone plates 2, ignite blood 1, powered by death 1
a: no special abilities


You were on level 6 of the Dungeon.
You visited 1 branch of the dungeon, and saw 6 of its levels.

You collected 147 gold pieces.

Inventory:

Hand Weapons
 b - a +3 quarterstaff of chaos (weapon)
 i - a +2 vampiric dagger
Armour
 a - a +0 robe (worn)
 d - a +0 pair of gloves (worn)
 k - a +0 cloak (worn)
Magical Staves
 e - a staff of death
Jewellery
 h - a ring of protection from cold (left hand)
Scrolls
 c - a scroll of noise
 j - a scroll of magic mapping
 m - a scroll of identify
 o - a scroll of blinking {unknown}
Potions
 f - 2 potions of brilliance
 g - a potion of flight {unknown}
 l - a potion of heal wounds {unknown}
 n - 2 potions of curing {unknown}


   Skills:
 + Level 1.2 Fighting
 + Level 0.1 Short Blades
 * Level 2.9 Staves
 + Level 2.3 Dodging
 + Level 2.4 Stealth
 + Level 1.0 Shields
 + Level 4.5 Spellcasting
 + Level 7.1 Necromancy


You had 11 spell levels left.
You knew the following spells:

 Your Spells              Type           Power      Damage    Failure   Level
a - Necrotize             Necr           100%       1d9       1%          1
b - Vampiric Draining     Necr           26%        2d7       2%          3

Your spell library contained the following spells:

 Spells                   Type           Power      Damage    Failure   Level
 Animate Dead             Necr           26%        N/A       9%          4
 Beastly Appendage        Tmut           6%         N/A       16%         1
 Magic Dart               Conj           12%        1d3       16%         1
 Slow                     Hex            12%        N/A       16%         1
 Searing Ray              Conj           6%         2d4       24%         2
 Wereblood                Tmut           3%         N/A       24%         2
 Agony                    Necr           26%        N/A       24%         5
 Confusing Touch          Hex            3%         N/A       43%         3
 Spider Form              Tmut/Pois      3%         N/A       43%         3
 Fulminant Prism          Conj/Hex       1%         3d6       85%         4


Dungeon Overview and Level Annotations

Branches:
Dungeon (6/15)
 Temple: D:4-7

Altars:
Dithmenos
Sif Muna

Shops:
D:4 (

Annotations:
D:6 Pikel


Innate Abilities, Weirdness & Mutations

You are mostly covered in large bone plates. (SH +6)
Your demonic aura sometimes causes spilled blood to erupt in flames.
You regenerate a little health from kills.


Message History

* * * LOW HITPOINT WARNING * * *
Your surroundings suddenly seem different.
You start resting.
Your magical contamination has completely faded away.
You start resting.
Magic restored.
You start resting.
HP restored.
Done exploring.
You see here a +0 hunting sling.
The lemure shouts!
Things that are here:
a +0 ring mail; 2 boomerangs; a +0 club
There is a stone staircase leading down here.
You climb downwards.
Level annotation: Pikel
Found a scroll of magic mapping, a book of Changes and 4 stones.
There is a stone staircase leading up here.
j - a scroll of magic mapping You pick up a book of Changes and begin reading...
You add the spells Beastly Appendage, Wereblood and Spider Form to your library.
Okay, then.
A wight comes into view. It is wielding a +2 dire flail.
A wight comes into view. It is wielding a +3 dagger.
You barely miss the wight.
The wight hits you with a +2 dire flail!
You sock the wight!
The wight flickers and vanishes!
Deactivating autopickup; reactivate with Ctrl-A.
Something hits you!
You feel drained.
A wight comes into view. It is wielding a +5 spear.
You miss something. Something hits you!
* * * LOW HITPOINT WARNING * * *
You feel drained.
* * * LOW HITPOINT WARNING * * *
Something hits you but does no damage. You block something's attack.
Something hits you!
* * * LOW HITPOINT WARNING * * *
You feel drained.
You die...

##.# ##..#### ##..#
####......####
####...####.............
####......##...............
##.....###..................
#...#### ##................#
##### ##................##
##..................#
#.......@..........##
#..........<.......#
#..................#
#.................##
#..................#
##...............#..#
#.....(........####.
#.............##
........####


There were no monsters in sight!

Vanquished Creatures
  2 ogres (D:5)
  2 phantoms (D:5)
  A howler monkey (D:5)
  A jelly (D:5)
  3 orc priests
  A gnoll shaman (D:4)
  Crazy Yiuf (D:4)
  An iguana (D:2)
  An orc wizard (D:4)
  3 gnolls (D:4)
  4 adders
  2 worms
  A dart slug (D:3)
  16 orcs
  7 bats
  7 endoplasms
  4 giant cockroaches
  10 goblins
  13 hobgoblins
  2 quokkas
  7 ball pythons
  2 frilled lizards
  7 kobolds
  2 rats
100 creatures vanquished.

Vanquished Creatures (collateral kills)
  An adder (D:2)
  A bat (D:1)
  An endoplasm (D:1)
  2 goblins
  2 hobgoblins
  A quokka (D:3)
  A ball python (D:3)
  A frilled lizard (D:1)
10 creatures vanquished.

Grand Total: 110 creatures vanquished

Notes
Turn   | Place    | Note
-------+----------+-------------------------------------------
     0 | D:1      | gobodom the Demonspawn Necromancer began the quest for the
                  | Orb.
     0 | D:1      | Reached XP level 1. HP: 13/13 MP: 3/3
   106 | D:1      | Gained mutation: You are partially covered in large bone
                  | plates. (SH +4) [demonic ancestry]
   106 | D:1      | Reached XP level 2. HP: 10/19 MP: 1/5
   502 | D:1      | Found a faded altar of an unknown god.
   599 | D:1      | Reached skill level 5 in Necromancy
  1208 | D:2      | Reached XP level 3. HP: 24/24 MP: 4/6
  1403 | D:2      | Reached XP level 4. HP: 30/30 MP: 6/8
  1535 | D:2      | Learned a level 3 spell: Vampiric Draining
  2084 | D:3      | Identified a scroll of acquirement
  2084 | D:3      | Acquired a staff of death
  2338 | D:3      | Found a shimmering blue altar of Sif Muna.
  3226 | D:4      | Found Naosun's Antique Weapon Shop.
  3390 | D:4      | Gained mutation: You are mostly covered in large bone
                  | plates. (SH +6) [demonic ancestry]
  3390 | D:4      | Reached XP level 5. HP: 35/35 MP: 5/10
  3486 | D:4      | Reached skill level 6 in Necromancy
  3513 | D:4      | Found a shadowy altar of Dithmenos.
  3838 | D:4      | Gained mutation: You regenerate a little health from kills.
                  | [demonic ancestry]
  3838 | D:4      | Reached XP level 6. HP: 22/42 MP: 2/11
  4031 | D:4      | Found a runed translucent door.
  4032 | D:4      | Noticed Crazy Yiuf
  4039 | D:4      | Killed Crazy Yiuf
  4279 | D:5      | Entered Level 5 of the Dungeon
  4811 | D:5      | Reached skill level 1 in Staves
  4817 | D:5      | Reached skill level 1 in Fighting
  4817 | D:5      | Gained mutation: Your demonic aura sometimes causes spilled
                  | blood to erupt in flames. [demonic ancestry]
  4817 | D:5      | Reached XP level 7. HP: 22/48 MP: 7/13
  5257 | D:5      | Reached skill level 1 in Shields
  5512 | D:5      | Reached skill level 7 in Necromancy
  5739 | D:6      | Noticed a steam dragon
  5739 | D:6      | Noticed Pikel
  6193 | D:6      | HP: 1/45 [something (7)]
  6193 | D:6      | Slain by a wight

Illustrated notes

Levels and vault maps discovered:
D:1:      heliophobic_arrival_battle_scene, layout_basic,
          ebering_ecumenical_altar_webs, chequers_serial_rivers_large_b,
          chequers_arboretum, minmay_hedge_maze, kennysheep_pointless_box,
          minmay_ruptured
D:2:      layout_loops_ring, nicolae_concentric_dashed_squares_mild,
          minmay_goblin_outpost
D:3:      layout_loops_ring, old_standard_altar
D:4:      kennysheep_big_flooded_room, layout_basic, grunt_dithmenos_smoke,
          serial_shops, nicolae_shop_overgrown_old_shop,
          grunt_decor_mini_mirrors, uniq_crazy_yiuf_cottage
D:5:      layout_basic
D:6:      layout_cave_pods, minmay_temple_entry_waves,
          hangedman_abyss_or_decor_stagger, skrybe_limestone_x, st_stairs_11,
          item_on_display_a, uniq_pikel, uniq_blork_the_orc

Skill      XL: |  1  2  3  4  5  6  7 |
---------------+----------------------+-----
Stealth        | 2 |  2.4
Necromancy     | 5 6 7 |  7.1
Spellcasting   | 3 4 |  4.5
Dodging        | 2 |  2.3
Staves         | 2 |  2.9
Fighting       | 1 |  1.2
Shields        | 1 |  1.0
Short Blades   | |  0.1

Action                   |  1- 3 |  4- 6 |  7- 9 || total
-------------------------+-------+-------+-------++-------
Melee: Unarmed           |     4 |       |       ||     4
       Dagger            |    21 |    43 |       ||    64
       Staff             |       |    15 |       ||    15
       Punch             |       |     1 |       ||     1
       Quarterstaff      |       |    23 |    13 ||    36
 Cast: Necrotize         |    39 |    75 |    24 ||   138
       Vampiric Draining |       |    15 |     4 ||    19
  Use: Scroll            |       |     9 |     1 ||    10
       Potion            |       |     1 |       ||     1
 Stab: Sleeping          |     1 |     1 |       ||     2
       Distracted        |       |     2 |       ||     2
Armor: Robe              |     6 |    23 |     4 ||    33
Dodge: Dodged            |    11 |    66 |    21 ||    98
Block: Other             |     3 |    25 |     9 ||    37

Table legend: (Time is in decaauts)
 A = Elapsed time spent in this place.
 B = Non-inter-level travel time spent in this place.
 C = Inter-level travel time spent in this place.
 D = Time resting spent in this place.
 E = Time spent auto-exploring this place.
 F = Levels seen in this place.
 G = Mean time per level.
                   A        B        C        D        E       F      G
               +--------+--------+--------+--------+--------+-----+--------+
         Total |   6226 |   6226 |      0 |    306 |   4295 |   6 | 1037.7 |
       Dungeon |   6226 |   6226 |      0 |    306 |   4295 |   6 | 1037.7 |
               +--------+--------+--------+--------+--------+-----+--------+

Top non-repeatable levels by time:
     D:5: 1860 daAuts
     D:1: 1213 daAuts
     D:3: 1146 daAuts
     D:4: 1055 daAuts
     D:2: 888 daAuts
     D:6: 61 daAuts
